 Dungeon Crawl Stone Soup version 0.30.0 (webtiles) character file.

Game seed: 7939909151374505070

15790 greasedhog the Eye of the Storm (level 12, 52/77 HPs)
             Began as a Gargoyle Fighter on May 5, 2023.
             Was a Priest of Qazlal.
             Quit the game on level 3 of the Lair of Beasts on May 6, 2023.
             The game lasted 00:14:52 (10489 turns).

greasedhog the Eye of the Storm (Gargoyle Fighter) Turns: 10489, Time: 00:14:53

Health: 52/77      AC: 25    Str: 23    XL:     12   Next: 30%
Magic:  21/21      EV:  6    Int:  6    God:    Qazlal [***...]
Gold:   1085       SH: 14    Dex: 11    Spells: 11/11 levels left

rFire   . . .        a - +1 morningstar of Leninn {vamp, Will+ Int-5 Dex+2}
rCold   + . .        c - +0 buckler
rNeg    + . .        F - +0 plate armour
rPois   ∞            (no helmet)
rElec   +            (no cloak)
rCorr   +            E - +0 pair of gloves
SInv    .            o - +0 pair of boots
Will    +....        B - amulet of reflection Stlth
                     e - ring of protection from cold
HPRegen 0.32/turn    i - ring of resist corrosion
MPRegen 0.17/turn

%: reflection
@: no status effects
A: sickness immunity, AC +8, negative energy resistance 1, electricity
resistance, torment resistance 1, petrification resistance
a: Renounce Religion, Upheaval, Elemental Force


You were on level 3 of the Lair of Beasts.
You worshipped Qazlal.
Qazlal was most pleased with you.
You visited 3 branches of the dungeon, and saw 14 of its levels.

You collected 1085 gold pieces.

Inventory:

Hand Weapons
 a - the +1 morningstar of Leninn (weapon) {vamp, Will+ Int-5 Dex+2}
   (You found it on level 7 of the Dungeon)

   Int:       It affects your intelligence (-5).
   Dex:       It affects your dexterity (+2).
   Will:      It increases your willpower.
Missiles
 M - 4 throwing nets (quivered)
Armour
 c - a +0 buckler (worn)
 o - a +0 pair of boots (worn)
 E - a +0 pair of gloves (worn)
 F - a +0 plate armour (worn)
Jewellery
 e - a ring of protection from cold (left hand)
 h - a ring of protection from cold
 i - a ring of resist corrosion (right hand)
 n - an amulet of regeneration
 B - an amulet of reflection (around neck)
Wands
 q - a wand of polymorph (16)
 y - a wand of flame (26)
 H - a wand of roots (7)
 J - a wand of light (9)
Scrolls
 f - 5 scrolls of amnesia
 j - 3 scrolls of blinking
 m - 3 scrolls of enchant weapon
 p - 2 scrolls of teleportation
 r - 2 scrolls of acquirement {unknown}
 u - a scroll of poison {unknown}
 v - 2 scrolls of summoning {unknown}
 w - a scroll of torment {unknown}
 z - a scroll of fear {unknown}
 D - a scroll of fog {unknown}
 I - 3 scrolls of immolation {unknown}
Potions
 b - a potion of magic {unknown}
 d - a potion of might
 g - 6 potions of curing
 k - a potion of brilliance
 l - 3 potions of invisibility
 s - 3 potions of degeneration {unknown}
 t - 3 potions of attraction {unknown}
 x - 3 potions of ambrosia {unknown}
 A - 6 potions of heal wounds {unknown}
 C - 3 potions of haste {unknown}
 G - a potion of lignification {unknown}
 L - a potion of berserk rage {unknown}


   Skills:
 - Level 10.1 Fighting
 - Level 12.0 Maces & Flails
 + Level 8.1 Armour
 - Level 3.2 Shields
 * Level 12.5 Invocations


You had 11 spell levels left.
You didn't know any spells.
Your spell library contained the following spells:

 Spells                   Type           Power      Damage    Failure   Level
 Sandblast                Erth           0%         2d4       100%        1
 Passwall                 Tmut/Erth      0%         N/A       100%        2
 Call Canine Familiar     Summ           0%         N/A       100%        3
 Dazzling Flash           Conj/Hex       0%         N/A       100%        3
 Ignite Poison            Fire/Tmut/Pois 0%         N/A       100%        3
 Portal Projectile        Hex/Tloc       0%         N/A       100%        3
 Stone Arrow              Conj/Erth      0%         3d7       100%        3
 Tukima's Dance           Hex            0%         N/A       100%        3
 Volatile Blastmotes      Fire/Tloc      0%         2d10      100%        3
 Iskenderun's Mystic Bla  Conj/Tloc      0%         2d3       100%        4
 Leda's Liquefaction      Hex/Erth       0%         N/A       100%        4
 Summon Ice Beast         Ice/Summ       0%         N/A       100%        4
 Blade Hands              Tmut           0%         N/A       100%        5
 Freezing Cloud           Conj/Ice/Air   0%         6-21      100%        5
 Summon Mana Viper        Hex/Summ       0%         N/A       100%        5
 Starburst                Conj/Fire      0%         6d3       100%        6
 Monstrous Menagerie      Summ           0%         N/A       100%        7
 Cigotuvi's Dreadful Rot  Necr/Pois/Air  Unusable   N/A       N/A         2

Dungeon Overview and Level Annotations

Branches:
Dungeon (10/15)            Temple (1/1) D:6            Lair (3/5) D:8
    Orc (0/2) D:10
  Swamp: Lair:2-3    Shoals: Lair:2-3     Snake: Lair:2-3    Spider: Lair:2-3

Altars:
Ashenzari
Cheibriados
Dithmenos
Elyvilon
Fedhas
Gozag
Hepliaklqana
Kikubaaqudgha
Makhleb
Nemelex Xobeh
Okawaru
Qazlal
Ru
Sif Muna
Trog
Uskayaw
Vehumet
Wu Jian
Xom
Yredelemnul
Zin
The Shining One

Shops:
D:4 (

Annotations:
D:7 2 transporters


Innate Abilities, Weirdness & Mutations

You are immune to sickness and miasma.
Your stone body is resilient. (AC +8)
You are immune to poison.
You resist negative energy. (rN+)
You are resistant to electric shocks. (rElec)
You are resistant to unholy torment.
You are immune to petrification.


Message History

v - 2 scrolls labelled KEITYR XITYSCHI (gained 1)
You hear a croak.
A cane toad comes into view.
A cane toad is nearby!
A cane toad is nearby!
You closely miss the cane toad. The cane toad stings you.
You hit the cane toad.
You feel better.
The cane toad is lightly wounded.
You block the cane toad's attack.
You closely miss the cane toad.
The cane toad is lightly wounded.
The cane toad stings you!
You hit the cane toad.
You feel better.
The cane toad is lightly wounded.
The cane toad stings you but does no damage.
You barely miss the cane toad.
The cane toad is lightly wounded.
The cane toad stings you. You block the cane toad's attack.
You impale the cane toad!!
The cane toad is severely wounded.
The cane toad stings you but does no damage.
You closely miss the cane toad.
The cane toad is severely wounded.
The cane toad stings you.
You sock the cane toad!
The cane toad is almost dead.
The cane toad stings you!
You sock the cane toad!
You feel better.
You kill the cane toad!
Qazlal accepts your kill.
No target in view!
No target in view!
No target in view!
No target in view!
No target in view!
Saving game... please wait.
Welcome back, greasedhog the Gargoyle Fighter.
Qazlal says: Let the forces of nature tear it all down!
Press ? for a list of commands and other information.
Are you sure you want to abandon this character and quit the game? (Confirm with "yes".)

##...................#..>..#
###................####...#
#P...............#..###.#
#..................PP #.#
#.#...................
##...###.............. ##..#
#P#.##......... #.##
#######°....... #. #@.......
# #........ #........
#........ #........
......... .........
.........


There were no monsters in sight!

Vanquished Creatures
  Harold (Lair:1)
  A hydra (Lair:1)
  Erica (Lair:1)
  A two-headed ogre (D:9)
  An oklob plant (Lair:3)
  A black mamba (Lair:3)
  5 cane toads
  A gargoyle (D:10)
  Maggie (D:6)
  A komodo dragon (Lair:1)
  A rime drake (Lair:1)
  A hornet (D:8)
  5 blink frogs (Lair:2)
  4 dream sheep (Lair:3)
  A wraith (D:10)
  15 yaks
  3 wyverns
  A basilisk (Lair:3)
  Grum (Lair:1)
  A steam dragon (D:9)
  Menkaure (D:6)
  Duvessa (D:7)
  5 water moccasins
  3 orc warriors
  An ice beast (D:6)
  2 black bears
  An ogre (D:5)
  5 centaurs
  4 wolves (Lair:1)
  3 kobold brigands
  A phantom (D:7)
  11 bullfrogs
  A gnoll sergeant (D:7)
  2 scorpions
  11 wights
  Dowan (D:7)
  9 killer bees
  An electric eel (D:6)
  4 howler monkeys
  A jelly (D:6)
  A gnoll bouda (D:6)
  4 orc priests
  3 hounds
  3 iguanas
  8 orc wizards
  6 gnolls
  5 adders
  An ufetubus (D:6)
  A dart slug (D:4)
  3 worms
  25 orcs
  2 ball pythons (D:2)
  3 endoplasms
  A giant cockroach (D:1)
  5 goblins
  5 hobgoblins
  14 kobolds
  3 quokkas (D:1)
  2 bats (D:1)
  4 frilled lizards (D:1)
  6 rats
  A spectral hobgoblin (D:3)
221 creatures vanquished.

Vanquished Creatures (others)
  12 fungi
  6 plants
18 creatures vanquished.

Grand Total: 239 creatures vanquished

Notes
Turn   | Place    | Note
-------+----------+-------------------------------------------
     0 | D:1      | greasedhog the Gargoyle Fighter began the quest for the
                  | Orb.
     0 | D:1      | Reached XP level 1. HP: 14/14 MP: 1/1
   104 | D:1      | Reached XP level 2. HP: 19/19 MP: 2/2
   461 | D:1      | Reached XP level 3. HP: 24/24 MP: 3/3
  1350 | D:3      | Found a faded altar of an unknown god.
  1404 | D:3      | Found an ornate altar of the Wu Jian Council.
  1456 | D:3      | Reached XP level 4. HP: 29/29 MP: 4/4
  2067 | D:4      | Found Zomy's Weapon Emporium.
  2135 | D:4      | Reached XP level 5. HP: 34/34 MP: 5/5
  2549 | D:5      | Entered Level 5 of the Dungeon
  2549 | D:5      | Noticed an ogre
  2561 | D:5      | Killed an ogre
  2562 | D:5      | Reached skill level 5 in Maces & Flails
  2562 | D:5      | Reached XP level 6. HP: 40/40 MP: 6/6
  2608 | D:5      | Reached skill level 5 in Fighting
  2783 | D:5      | Reached XP level 7. HP: 30/44 MP: 7/7
  3316 | D:6      | Noticed Menkaure
  3325 | D:6      | Killed Menkaure
  3332 | D:6      | Found a staircase to the Ecumenical Temple.
  3342 | Temple   | Entered the Ecumenical Temple
  3391 | D:6      | Found a white marble altar of Elyvilon.
  3404 | D:6      | Found a stormy altar of Qazlal.
  3408 | D:6      | Became a worshipper of Qazlal Stormbringer
  3430 | D:6      | Found a broken altar of Ashenzari.
  3431 | D:6      | Found a shimmering blue altar of Sif Muna.
  3432 | D:6      | Found a shimmering altar of Xom.
  3434 | D:6      | Found a hide-covered altar of Uskayaw.
  3590 | D:6      | Reached XP level 8. HP: 42/52 MP: 8/8
  4264 | D:6      | Found a blossoming altar of Fedhas.
  4424 | D:6      | Noticed Maggie
  4432 | D:6      | Killed Maggie
  4433 | D:6      | Reached XP level 9. HP: 34/59 MP: 9/9
  4565 | D:6      | Reached * piety under Qazlal
  5037 | D:7      | Identified the +1 morningstar of Leninn {vamp, Will+ Int-5
                  | Dex+2}
  5049 | D:7      | Noticed a kobold demonologist
  5053 | D:7      | Found a transporter.
  5054 | D:7      | Found a transporter.
  5064 | D:7      | Noticed a kobold demonologist
  5141 | D:7      | Reached skill level 10 in Maces & Flails
  5564 | D:7      | Noticed Dowan
  5565 | D:7      | Noticed Duvessa
  5573 | D:7      | Killed Duvessa
  5580 | D:7      | Killed Dowan
  5828 | D:8      | Reached skill level 1 in Invocations
  5843 | D:8      | Found a shadowy altar of Dithmenos.
  5878 | D:8      | Reached XP level 10. HP: 66/66 MP: 11/11
  5881 | D:8      | Reached ** piety under Qazlal
  6253 | D:8      | Found a staircase to the Lair.
  6679 | D:9      | Noticed a two-headed ogre
  6706 | D:9      | Killed a two-headed ogre
  6707 | D:9      | Reached skill level 5 in Invocations
  6877 | D:9      | Identified the +0 leather armour of a volcano {rPois rF-
                  | Str+2 Int+4}
  6957 | D:9      | Found a bloodstained altar of Trog.
  7203 | D:9      | Found an opulent altar of Gozag.
  7286 | D:10     | Entered Level 10 of the Dungeon
  7296 | D:10     | Found a staircase to the Orcish Mines.
  7631 | D:10     | Noticed a gargoyle
  7640 | D:10     | Killed a gargoyle
  7641 | D:10     | Reached skill level 10 in Fighting
  8187 | Lair:1   | Entered Level 1 of the Lair of Beasts
  8189 | Lair:1   | Noticed Grum
  8190 | Lair:1   | Reached *** piety under Qazlal
  8192 | Lair:1   | Reached XP level 11. HP: 72/72 MP: 16/16
  8197 | Lair:1   | Killed Grum
  8339 | Lair:1   | Reached skill level 5 in Armour
  8363 | Lair:1   | Noticed Erica
  8414 | Lair:1   | Killed Erica
  8596 | Lair:1   | Noticed Harold
  8618 | Lair:1   | Killed Harold
  8619 | Lair:1   | Reached skill level 10 in Invocations
  9298 | Lair:2   | Noticed a five-headed hydra
  9314 | Lair:1   | Killed a five-headed hydra
  9727 | Lair:2   | Reached XP level 12. HP: 56/77 MP: 20/20
 10489 | Lair:3   | Upgraded the game from 0.30-b1-5-g8e6c1be481 to 0.30.0
 10489 | Lair:3   | Quit the game

Illustrated notes

Levels and vault maps discovered:
D:1:      lightli_iron_boxes, layout_basic
D:2:      layout_loops_cross
D:3:      layout_basic, nicolae_wu_jian_wuxing_cycle,
          dreamdust_ecumenical_altar_drowned_temple
D:4:      layout_basic, serial_shops, nicolae_shop_stone,
          chequers_serial_rivers_micro_c
D:5:      layout_loops_ring, hellmonk_bongcloud_opening
D:6:      kennysheep_six_static_rooms, layout_loops_corners, fedhas_altar_3,
          minitemple, minmay_temple_entry_sparse_star, minmay_tree_intersection,
          serial_bayou_lagoon_b, uniq_menkaure, uniq_maggie
D:7:      gammafunk_wand_slinger, layout_basic, minivault_11, uniq_duvessa
D:8:      layout_basic, grunt_dithmenos_smoke, grunt_lair_entry_orc_guard_hut
D:9:      layout_cave_pools, mainiacjoe_overflow_chevrons,
          mainiacjoe_overflow_surrounded_room
D:10:     layout_stronghold, orc_david_3
Temple:   minmay_freezing_vapour_temple
Lair:1:   layout_gridlike, uniq_erica, uniq_harold, uniq_grum
Lair:2:   layout_chaotic_city, grunt_megastairs_5
Lair:3:   nzn_winding_woodlands_medium [nzn_winding_woodlands_5x5_closed_star,
          nzn_winding_woodlands_5x15_pathside_ponds,
          nzn_winding_woodlands_5x5_cross,
          nzn_winding_woodlands_5x5_checkerboard,
          nzn_winding_woodlands_center_lodge,
          nzn_winding_woodlands_5x5_open_star,
          nzn_winding_woodlands_5x5_default, nzn_winding_woodlands_5x15_default,
          nzn_winding_woodlands_hourglass], layout_cave_shapes,
          minmay_shoals_entry_hut, nicolae_snake_entry_squirm, uniq_snorg

Skill      XL: |  1  2  3  4  5  6  7  8  9 10 11 12 |
---------------+-------------------------------------+-----
Maces & Flails | 3 4 5 6 7 9 11 12 | 12.0
Fighting       | 4 5 6 7 9 10 | 10.1
Invocations    | 1 7 11 12 | 12.5
Armour         | 7 8 |  8.1
Shields        | |  3.2

Action                     |  1- 3 |  4- 6 |  7- 9 | 10-12 || total
---------------------------+-------+-------+-------+-------++-------
  Melee: Flail             |   119 |    94 |   229 |       ||   442
         Morningstar       |       |       |   133 |   490 ||   623
  Throw: Boomerang         |       |     5 |       |       ||     5
  Evoke: Wand              |       |       |       |     1 ||     1
    Use: Scroll            |     3 |     2 |     3 |     1 ||     9
 Armour: Scale mail        |    63 |    54 |    53 |       ||   170
         Plate armour      |       |       |   132 |   189 ||   321
  Dodge: Dodged            |    67 |    45 |    59 |    53 ||   224
  Block: Buckler           |    28 |    12 |   159 |   262 ||   461
         Reflection        |       |       |     3 |     8 ||    11
